 Dungeon Crawl Stone Soup version 0.28-a0-724-g66f9036eb4 (webtiles) character file.

Game seed: 2156382019945657337

498 bande the Shield-Bearer (level 7, -1/44 HPs)
             Began as a Gargoyle Fighter on Oct 26, 2021.
             Slain by Crazy Yiuf (14 damage)
             ... on level 3 of the Dungeon.
             The game lasted 00:04:23 (2853 turns).

bande the Shield-Bearer (Gargoyle Fighter)          Turns: 2853, Time: 00:04:24

Health: -1/44      AC: 14    Str: 21    XL:     7   Next: 16%
Magic:  4/7        EV:  8    Int:  8    God:
Gold:   95         SH:  5    Dex: 10    Spells: 6/6 levels left

rFire   . . .      SeeInvis .   a - +0 war axe
rCold   . . .      Faith    .   c - +1 buckler
rNeg    + . .      Spirit   .   l - +0 chain mail
rPois   ∞          Reflect  .   (no helmet)
rElec   +          Harm     .   (no cloak)
rCorr   .          Rampage  .   (no gloves)
Will    .....                   (no boots)
Stlth   ..........              (no amulet)
HPRegen 0.14/turn               (no ring)
MPRegen 0.10/turn               (no ring)

@: mighty
A: sickness immunity, AC +4, negative energy resistance 1, electricity
resistance, torment resistance 1, petrification resistance
a: no special abilities


You were on level 3 of the Dungeon.
You visited 1 branch of the dungeon, and saw 3 of its levels.

You collected 95 gold pieces.

Inventory:

Hand Weapons
 a - a +0 war axe (weapon)
Missiles
 i - a throwing net (quivered)
Armour
 c - a +1 buckler (worn)
 l - a +0 chain mail (worn)
Jewellery
 j - a +6 ring of intelligence
Scrolls
 b - a scroll of identify {unknown}
 g - a scroll of torment {unknown}
 h - 2 scrolls of fog
Potions
 d - a potion of cancellation {unknown}
 e - a potion of haste {unknown}
 f - 2 potions of curing {unknown}
 k - a potion of heal wounds {unknown}
 m - a potion of mutation {unknown}
 n - a potion of lignification {unknown}


   Skills:
 + Level 4.5 Fighting
 + Level 4.7 Axes
 + Level 4.6 Armour
 - Level 0.4 Dodging
 + Level 4.9 Shields


You had 6 spell levels left.
You didn't know any spells.
Your spell library was empty.

Dungeon Overview and Level Annotations

Branches:
Dungeon (3/15)

Altars:

Shops:
D:2 (

Annotations:
D:3 Crazy Yiuf


Innate Abilities, Weirdness & Mutations

You are immune to sickness and miasma.
Your stone body is resilient. (AC +4)
You are immune to poison.
You resist negative energy. (rN+)
You are resistant to electric shocks. (rElec)
You are resistant to unholy torment.
You are immune to petrification.


Message History

You have reached level 7!
You start resting.
You start resting.
HP restored.
You start waiting.
You start waiting.
Done waiting.
You now have 95 gold pieces (gained 7).
There is a stone staircase leading up here.
Key pressed, stopping explore.
Crazy Yiuf shouts!
Crazy Yiuf says, "Lugonu stair arm!"
You open the door.
Crazy Yiuf whimpers, "Peeping!
Shower shoe bush."
You barely miss Crazy Yiuf.
Crazy Yiuf hits you with a +3 quarterstaff of chaos.
You feel your power leaking away.
You hit Crazy Yiuf but do no damage.
Crazy Yiuf hits you with a +3 quarterstaff of chaos.
Crazy Yiuf freezes you.
You closely miss Crazy Yiuf.
Crazy Yiuf hits you with a +3 quarterstaff of chaos.
You closely miss Crazy Yiuf.
Crazy Yiuf cries, "Fluff illywillydillykilly turtle!"
Crazy Yiuf hits you with a +3 quarterstaff of chaos.
You feel very mighty all of a sudden. Crazy Yiuf completely misses you.
You slash Crazy Yiuf!
Crazy Yiuf is heavily wounded.
Crazy Yiuf hits you with a +3 quarterstaff of chaos!
Crazy Yiuf burns you.
* * * LOW HITPOINT WARNING * * *
You barely miss Crazy Yiuf.
Crazy Yiuf is heavily wounded.
Crazy Yiuf screams, "Snoogle!"
You block Crazy Yiuf's attack.
Your chain mail prevents you from hitting Crazy Yiuf.
Crazy Yiuf is heavily wounded.
Crazy Yiuf hits you with a +3 quarterstaff of chaos!
You die...

#.####....#
#.# #....#
#.# #....#
#.# ##...#
## #.# ##.##
.# #.# ##.#
.#########.#
#.##
...........#
##.#
#.####...###
#@##
..###......#
#g#
####.......#
...
####.......#
#...#
...........#
#)..#
#####......#
#####
######...#.#
...........#
############


You could see Crazy Yiuf.

Vanquished Creatures
  Grinder (D:3)
  Sigmund (D:2)
  Terence (D:2)
  An orc wizard (D:3)
  2 gnolls (D:2)
  An adder (D:3)
  4 worms
  A dart slug (D:2)
  4 orcs (D:3)
  4 ball pythons
  4 endoplasms
  2 giant cockroaches (D:3)
  5 goblins
  3 hobgoblins
  4 quokkas
  9 bats
  8 frilled lizards
  4 kobolds
  7 rats
66 creatures vanquished.

Notes
Turn   | Place    | Note
-------+----------+-------------------------------------------
     0 | D:1      | bande the Gargoyle Fighter began the quest for the Orb.
     0 | D:1      | Reached XP level 1. HP: 14/14 MP: 1/1
   138 | D:1      | Reached XP level 2. HP: 10/19 MP: 2/2
   910 | D:2      | Noticed Sigmund
   925 | D:2      | Killed Sigmund
   926 | D:2      | Reached XP level 3. HP: 6/24 MP: 3/3
   926 | D:2      | Reached XP level 4. HP: 7/29 MP: 4/4
   926 | D:2      | Reached XP level 5. HP: 8/33 MP: 5/5
  1351 | D:2      | Found Woluw's Antique Weapon Shop.
  1380 | D:2      | Noticed Terence
  1391 | D:2      | Killed Terence
  1416 | D:2      | Reached XP level 6. HP: 31/38 MP: 6/6
  2208 | D:3      | Found a runed translucent door.
  2209 | D:3      | Noticed Crazy Yiuf
  2291 | D:3      | Noticed Grinder
  2310 | D:3      | Paralysed by Grinder for 4 turns
  2320 | D:3      | Paralysed by Grinder for 5 turns
  2336 | D:3      | Killed Grinder
  2337 | D:3      | Reached XP level 7. HP: 24/44 MP: 7/7
  2853 | D:3      | Slain by Crazy Yiuf

Illustrated notes

Levels and vault maps discovered:
D:1:      mrwooster_arrival_arrow, layout_basic
D:2:      layout_basic, serial_shops, shop, minmay_pentomino_p4, uniq_terence,
          uniq_sigmund
D:3:      layout_rooms, uniq_grinder, uniq_crazy_yiuf_cottage

Skill      XL: |  1  2  3  4  5  6 |
---------------+-------------------+-----
Axes           | 3 4 |  4.7
Fighting       | 4 |  4.5
Armour         | 4 |  4.6
Shields        | 4 |  4.9
Dodging        | |  0.4

Action                   |  1- 3 |  4- 6 |  7- 9 || total
-------------------------+-------+-------+-------++-------
Melee: War axe           |    62 |   135 |     7 ||   204
  Use: Scroll            |     3 |       |       ||     3
       Potion            |     1 |       |       ||     1
Armor: Scale mail        |    31 |    23 |       ||    54
       Chain mail        |       |    49 |       ||    49
Dodge: Dodged            |    32 |    69 |     1 ||   102
Block: Buckler           |    17 |    37 |     1 ||    55

Table legend: (Time is in decaauts)
 A = Elapsed time spent in this place.
 B = Non-inter-level travel time spent in this place.
 C = Inter-level travel time spent in this place.
 D = Time resting spent in this place.
 E = Time spent auto-exploring this place.
 F = Levels seen in this place.
 G = Mean time per level.
                   A        B        C        D        E       F      G
               +--------+--------+--------+--------+--------+-----+--------+
         Total |   2924 |   2924 |      0 |    792 |   1545 |   3 |  974.7 |
       Dungeon |   2924 |   2924 |      0 |    792 |   1545 |   3 |  974.7 |
               +--------+--------+--------+--------+--------+-----+--------+

Top non-repeatable levels by time:
     D:2: 1185 daAuts
     D:3: 957 daAuts
     D:1: 781 daAuts
